[Event "*** Titled Tuesday Blitz"]
[Site "Chess.com"]
[Date "2019.10.01"]
[Round "7"]
[White "BlueWizzard"]
[Black "Sanan_Sjugirov"]
[Result "1-0"]
[WhiteElo "2849"]
[BlackElo "2941"]
[TimeControl "180+2"]
[EndTime "14:37:04 PDT"]
[Termination "BlueWizzard won by resignation"]

1. e4 c5 2. Nc3 e6 3. Nf3 a6 4. a4 Nc6 5. Be2 Nd4 6. O-O Ne7 7.
Nxd4 cxd4 8. Nb1 d5 9. d3 dxe4 10. dxe4 Nc6 11. Nd2 Be7 12. Nc4 e5 13. f4 exf4 14.
Bxf4 Be6 15. a5 O-O 16. Nb6 Bc5 17. Bd3 Bxb6 18. axb6 Qxb6 19. e5 Nb4 20. Ra3 Nxd3 21. Qxd3 Rac8 22. Qg3 d3+ 23. Be3 Qxb2 24. Bh6 g6 25. Rxd3 Rfd8 26. Qh4 Qb6+ 27. Kh1 Bc4 28. e6 fxe6 1-0

[Event "*** Titled Tuesday Blitz"]
[Site "Chess.com"]
[Date "2019.10.01"]
[Round "7"]
[White "smshk35"]
[Black "Qvalda"]
[Result "0-1"]
[WhiteElo "2362"]
[BlackElo "2526"]
[TimeControl "180+2"]
[EndTime "14:37:04 PDT"]
[Termination "Qvalda won by resignation"]

1. e4 c6 2. d4 d5 3. e5 Bf5 4. h4 h5 5. Bd3 Bxd3 6. Qxd3 Qa5+ 7.
Nd2 Qa6 8. c4 e6 9. Ngf3 Ne7 10. b3 Nf5 11. a4 g6 12. O-O Bh6 13. Ba3 Bxd2 14. Nxd2 Nxh4 15. a5 Nf5 16. b4 dxc4 17. Qc3 Qb5 18. Ne4 Nd7 19. Rac1 O-O 20.
Qxc4 Qxc4 21. Rxc4 Rfd8 22. b5 cxb5 23. Rc7 Nxd4 24.
Rxd7 Rxd7 25. Nf6+ Kg7 26. Nxd7 Nc6 27. Be7 Nxe7 28.
Nc5 b6 29. axb6 axb6 30. Nd7 b4 31. Rb1 Nd5 32. Nf6 Nxf6 33. exf6+ Kxf6 34. Rxb4 Rb8 0-1

[Event "*** Titled Tuesday Blitz"]
[Site "Chess.com"]
[Date "2019.10.01"]
[Round "7"]
[White "Alexander_Moskalenko"]
[Black "sandropozo"]
[Result "1-0"]
[WhiteElo "2881"]
[BlackElo "2618"]
[TimeControl "180+2"]
[EndTime "14:37:08 PDT"]
[Termination "Alexander_Moskalenko won on time"]

1. c4 d5 2. cxd5 Nf6 3. e4 c6 4. dxc6 Nxc6 5. Nc3 e5 6. Bb5 Bc5 7. Nf3 O-O 8. O-O Bg4 9. Bxc6 bxc6 10. h3 Bh5 11. d3 Qe7 12. Qe2 Rfd8 13. Be3 Bd6 14. Rac1 Nd7 15. Rfd1 Nc5 16. d4 exd4 17. Rxd4 Ne6 18.
Rc4 Nf4 19. Bxf4 Bxf4 20. Rd1 Rxd1+ 21. Nxd1 Rd8 22. Ne3 Qe6 23. b3 h6 24. g4 Bg6 25.
Nf5 Bxf5 26. gxf5 Qf6 27. Qc2 Qa1+ 28. Kg2 Qf6 29. Rxc6 Qe7 30. Rc8 Rxc8 31. Qxc8+ Kh7 32. Qc4 Bd6 33. Qd5 Bf4 34. e5 f6 35. exf6 Qxf6 36.
Qe6 1-0

[Event "*** Titled Tuesday Blitz"]
[Site "Chess.com"]
[Date "2019.10.01"]
[Round "7"]
[White "bascheyaro"]
[Black "KhazarBabazada"]
[Result "0-1"]
[WhiteElo "2757"]
[BlackElo "2851"]
[TimeControl "180+2"]
[EndTime "14:37:10 PDT"]
[Termination "KhazarBabazada won by checkmate"]

1. d4 Nf6 2. Nf3 g6 3. c4 Bg7 4. Nc3 d5 5. Bf4 O-O 6. c5 Ne4 7. e3 b6 8. cxb6 axb6 9. Nxe4 dxe4 10. Nd2 Bb7 11. Qc2 Nc6 12. Bb5 Nb4 13. Qb3 Nd3+ 14. Bxd3 exd3 15. O-O h5 16. Rfc1 c5 17. dxc5 e5 18.
c6 Bc8 19. c7 Qe7 20. Bg3 h4 21. Bxh4 Qxh4 22. Qxd3 e4 23. Qb5 Ra5 24. Qxb6 Rh5 25.
Nf1 Be5 26. g3 Qg4 27. Rc5 Qf3 28.
Nd2 Qg4 29. Qa5 f6 30. Qb5 Kg7 31. Qc6 Rxh2 32. Qxe4 Qxe4 33. Nxe4 Rfh8 34. Rac1 Bg4 35. f4 Rh1+ 36. Kf2 R8h2# 0-1

[Event "*** Titled Tuesday Blitz"]
[Site "Chess.com"]
[Date "2019.10.01"]
[Round "7"]
[White "kreonx"]
[Black "MarcoRiehle"]
[Result "0-1"]
[WhiteElo "2263"]
[BlackElo "2593"]
[TimeControl "180+2"]
[EndTime "14:37:14 PDT"]
[Termination "MarcoRiehle won by resignation"]

1. e4 e5 2. Nc3 Nf6 3. g3 c6 4. Bg2 d5 5. exd5 cxd5 6. d4 e4 7. f3 Bb4 8. a3 Bxc3+ 9. bxc3 O-O 10. Bg5 exf3 11. Nxf3 Re8+ 12. Ne5 Nc6 13. O-O Nxe5 14. dxe5 Rxe5 15. Bxf6 gxf6 16. Qf3 Be6 17. Qxf6 Qxf6 18. Rxf6 Rc8 19. Rb1 b6 20. Rb3 Re2 21. Rf2 Rxf2 22. Kxf2 d4 23. Rb4 Rxc3 24. Rxd4 Rxc2+ 25. Kg1 Ra2 26. Rd3 Kg7 27. h3 b5 28. g4 a5 29. Kh2 Bc4 30. Rd8 Bf1 0-1

[Event "*** Titled Tuesday Blitz"]
[Site "Chess.com"]
[Date "2019.10.01"]
[Round "7"]
[White "nitpicker"]
[Black "PotapovaM"]
[Result "0-1"]
[WhiteElo "2263"]
[BlackElo "2420"]
[TimeControl "180+2"]
[EndTime "14:37:19 PDT"]
[Termination "PotapovaM won by resignation"]

1. d4 Nf6 2. c4 c5 3. d5 b5 4. cxb5 a6 5. bxa6 g6 6. Nc3 Bg7 7. Nf3 O-O 8. e4 Qa5 9. Bd2 d6 10. h3 Bxa6 11. Bxa6 Qxa6 12. Qe2 Nbd7 13. Qxa6 Rxa6 14.
O-O Rb8 15. Rab1 Ne8 16. a3 Nc7 17. Rfe1 Kf8 18. Re2 h6 19. Be1 Bxc3 20. Bxc3 Rxa3 21.
Rbe1 Ra2 22. Bd2 h5 23. Bc1 f6 24. g4 hxg4 25. hxg4 g5 26. Kg2 Kf7 27. Rh1 Kg7 28. Nxg5 fxg5 29. Bxg5 Nf6 30. Bxf6+ exf6 31. f4 Rbxb2 32.
Rxb2 Rxb2+ 33. Kf3 Nb5 34. Ra1 Nd4+ 35. Ke3 Nc2+ 0-1

[Event "*** Titled Tuesday Blitz"]
[Site "Chess.com"]
[Date "2019.10.01"]
[Round "7"]
[White "Godzillator"]
[Black "Samantha_Ross"]
[Result "1-0"]
[WhiteElo "2373"]
[BlackElo "2069"]
[TimeControl "180+2"]
[EndTime "14:37:21 PDT"]
[Termination "Godzillator won by resignation"]

1. d4 d6 2. c4 e5 3. d5 f5 4.
e4 Nf6 5. exf5 Bxf5 6. Nc3 Be7 7. Nge2 O-O 8. Ng3 Bc8 9. Bd3 a5 10. O-O Na6 11. f3 Nc5 12. Bc2 b6 13. Be3 Bd7 14. b3 Qe8 15. Nf5 Nh5 16. Nxe7+ Qxe7 17. Ne4 Nf4 18.
Nxc5 bxc5 19. Be4 a4 20. Qc2 h6 21. Rae1 Qf6 22. g3 Nh3+ 23. Kh1 Ra6 24. Rb1 Rfa8 25. b4 cxb4 26. Rxb4 a3 27. Rfb1 Qd8 28. Bh7+ Kh8 29. Bf5 Ng5 30. Bxd7 Qxd7 31. Rb8+ 1-0

[Event "*** Titled Tuesday Blitz"]
[Site "Chess.com"]
[Date "2019.10.01"]
[Round "7"]
[White "VladDobrov"]
[Black "VincentKeymer"]
[Result "1-0"]
[WhiteElo "2952"]
[BlackElo "2752"]
[TimeControl "180+2"]
[EndTime "14:37:24 PDT"]
[Termination "VladDobrov won by resignation"]

1. d4 Nf6 2. c4 e6 3. Nf3 d5 4.
Nc3 c5 5. e3 dxc4 6. Bxc4 a6 7.
a4 Nc6 8. O-O Be7 9. Qe2 cxd4 10. Rd1 e5 11. exd4 exd4 12. Nxd4 Nxd4 13. Qe5 Qd6 14.
Qxd6 Bxd6 15. Rxd4 Bc5 16. Rf4 Be6 17. Bxe6 fxe6 18.
Rc4 Bd6 19. Bf4 Bxf4 20. Rxf4 Ke7 21. Re1 Rhd8 22. Rb4 Rab8 23. h4 Rd6 24. g3 b6 25.
Rc4 Rbd8 26. Kg2 Rd4 27. Rc7+ R8d7 28. Rc8 Rd8 29. Rxd8 Rxd8 30. Re2 Rd4 31. f4 Kd6 32. Kf3 h5 33. Ke3 Rb4 34. Kd3 Nd7 35. Kc2 Nc5 36. Re5 Nxa4 37. Nxa4 Rxa4 38. Rxh5 Rc4+ 39. Kd3 Rc7 40.
Rg5 Ke7 41. Rxg7+ 1-0

[Event "*** Titled Tuesday Blitz"]
[Site "Chess.com"]
[Date "2019.10.01"]
[Round "7"]
[White "harvsp123"]
[Black "Quaritch79"]
[Result "1-0"]
[WhiteElo "2492"]
[BlackElo "2305"]
[TimeControl "180+2"]
[EndTime "14:37:24 PDT"]
[Termination "harvsp123 won by resignation"]

1. d4 f5 2. Nf3 Nf6 3. g3 g6 4. Bg2 Bg7 5. O-O O-O 6. Nbd2 d6 7. c3 Nc6 8. b4 a6 9. Re1 e5 10. dxe5 dxe5 11. e4 f4 12. Qb3+ Kh8 13. Nc4 Ng4 14.
h3 Nh6 15. Qd1 Qe7 16. a4 Be6 17. Qe2 Rad8 18. b5 axb5 19. axb5 Bxc4 20. Qxc4 Nb8 21.
Ba3 Qf7 22. Qxf7 Rxf7 23. Ng5 Rfd7 24. Ne6 Re8 25. Nxg7 Kxg7 26. gxf4 exf4 27. Bc5 b6 28. Bd4+ Kf7 29. Bf1 c5 30. bxc6 Nxc6 31. Bc4+ Ke7 32. Bxb6 Ne5 33. Bc5+ Kf6 34. Ra6+ Kg5 35. Bb5 Nf3+ 36.
Kf1 Red8 37. Bxd7 Rxd7 38. Bf8 Nf7 39. Ra5+ Kh4 40. e5 Rd8 41. Be7+ Kxh3 42. Bxd8 1-0

[Event "*** Titled Tuesday Blitz"]
[Site "Chess.com"]
[Date "2019.10.01"]
[Round "7"]
[White "WorldChampionBulletChess"]
[Black "beccrajoy"]
[Result "0-1"]
[WhiteElo "2077"]
[BlackElo "1789"]
[TimeControl "180+2"]
[EndTime "14:37:32 PDT"]
[Termination "beccrajoy won by checkmate"]

1. d4 d5 2. e3 Nf6 3. Nf3 c5 4. Be2 Nc6 5. O-O Bf5 6. c3 e6 7. b3 Bd6 8. dxc5 Bxc5 9. b4 Bd6 10. b5 Ne5 11. Nbd2 O-O 12. Nxe5 Bxe5 13. Bb2 Rc8 14. Rc1 Qa5 15. Qb3 Ne4 16. Nxe4 Bxe4 17. Rfd1 Bf6 18. f3 Bg6 19. Ba3 Rfd8 20. Bb4 Qb6 21. Kf2 h6 22. c4 dxc4 23. Bxc4 Rxd1 24. Rxd1 Qc7 25. Be2 Qxh2 26. Bf1 Bc2 27. Qa3 Bxd1 28. Qd3 Bh4# 0-1

[Event "*** Titled Tuesday Blitz"]
[Site "Chess.com"]
[Date "2019.10.01"]
[Round "7"]
[White "Bagirova"]
[Black "WeAintSurePal"]
[Result "0-1"]
[WhiteElo "2084"]
[BlackElo "2352"]
[TimeControl "180+2"]
[EndTime "14:37:33 PDT"]
[Termination "WeAintSurePal won by checkmate"]

1. e4 c6 2. Nf3 d5 3. Nc3 dxe4 4. Nxe4 Nf6 5. Nxf6+ exf6 6. Bc4 Bd6 7. O-O O-O 8. h3 Nd7 9. d4 Re8 10. c3 Nf8 11. Bd2 Bc7 12. Qb3 Be6 13. Bxe6 Nxe6 14. Qxb7 Rb8 15. Qxc6 Rb6 16. Qc4 Rxb2 17. d5 Nf8 18. Rad1 Qd6 19. Bc1 Rbe2 20. Ba3 Qd7 21. d6 Bb6 22. Bc5 Qc6 23. Nd4 Qxc5 24. Qxc5 Bxc5 25.
Nxe2 Rxe2 26. d7 Nxd7 27. Rxd7 Kf8 28. Rc7 Bb6 29. Rc8+ Ke7 30. a4 h5 31. c4 Rc2 32.
Re1+ Kd7 33. Ree8 Bxf2+ 34. Kh2 h4 35. Red8+ Ke6 36. Re8+ Kf5 37. g4+ Kf4 38. Kg2 Bd4+ 39. Kf1 Kf3 40. c5 Bf2 41. Re1 Bxc5 42. Rd1 Rf2+ 43.
Ke1 Bb4+ 44. Rd2 Rxd2 45. Kf1 Rd1# 0-1

[Event "*** Titled Tuesday Blitz"]
[Site "Chess.com"]
[Date "2019.10.01"]
[Round "7"]
[White "albi1999"]
[Black "Zubrrr"]
[Result "0-1"]
[WhiteElo "2536"]
[BlackElo "2712"]
[TimeControl "180+2"]
[EndTime "14:37:40 PDT"]
[Termination "Zubrrr won by resignation"]

1. d4 f5 2. c4 Nf6 3. Nc3 g6 4. h4 h6 5. Nh3 d6 6. Nf4 Rg8 7. d5 Na6 8. g3 e5 9. dxe6 Nc5 10. Bg2 c6 11. O-O g5 12. hxg5 hxg5 13. Nd3 Nce4 14.
Nxe4 fxe4 15. Nb4 Bxe6 16. b3 d5 17. Nc2 Ng4 18. cxd5 cxd5 19. Nd4 Bd7 20. f3 Ne5 21. f4 gxf4 22. Bxf4 Ng6 23. e3 Nxf4 24. Rxf4 Qg5 25. Rc1 Bd6 26. Ne2 Bc6 27. Rh4 Qxe3+ 28. Kh1 O-O-O 29.
Qxd5 Qxc1+ 0-1

[Event "*** Titled Tuesday Blitz"]
[Site "Chess.com"]
[Date "2019.10.01"]
[Round "7"]
[White "Spalir"]
[Black "cool4chess"]
[Result "1-0"]
[WhiteElo "2819"]
[BlackElo "2593"]
[TimeControl "180+2"]
[EndTime "14:37:44 PDT"]
[Termination "Spalir won by resignation"]

1. d4 d5 2. c4 c6 3. Nc3 dxc4 4. e4 b5 5. a4 b4 6. Na2 Nf6 7. e5 Nd5 8. Bxc4 Bf5 9. Nf3 e6 10. O-O Nd7 11. Bg5 Be7 12. Bxe7 Qxe7 13. a5 O-O 14. Re1 Rab8 15. Nc1 Rfd8 16. Nb3 Nc7 17. Qe2 c5 18. Rac1 h6 19. Qe3 Rdc8 20. dxc5 Nb5 21. Bxb5 Rxb5 22. Nfd4 Rbb8 23. c6 Nf8 24. Nc5 Qe8 25. Na6 Ra8 26. Nxb4 Rab8 27. Qc3 Ng6 28. Na6 Ra8 29. b4 Ne7 30. Nxf5 exf5 31. b5 Nd5 32. Qb3 Nf4 33. Nc5 Qe7 34. Qc4 Qg5 35. g3 Nh3+ 36. Kg2 Qh5 37.
Qe2 Qxe2 38. Rxe2 Ng5 39. f4 Ne6 40. Nxe6 fxe6 41. b6 axb6 42. axb6 Rab8 43. b7 Rc7 44. Rd2 Kf8 45. Rd7 Rxd7 46. cxd7 Ke7 47. Rc8 1-0

[Event "*** Titled Tuesday Blitz"]
[Site "Chess.com"]
[Date "2019.10.01"]
[Round "7"]
[White "kosmeg"]
[Black "PNEPaul"]
[Result "1-0"]
[WhiteElo "2494"]
[BlackElo "1897"]
[TimeControl "180+2"]
[EndTime "14:37:44 PDT"]
[Termination "kosmeg won by checkmate"]

1. d4 Nf6 2. c4 c5 3. Nf3 e6 4. g3 a6 5. Bg2 h6 6. O-O d5 7. Nc3 Nc6 8. cxd5 exd5 9. b3 Be6 10.
Bb2 c4 11. Ne5 cxb3 12. Qxb3 Nxd4 13. Qa4+ b5 14. Qxd4 Be7 15. Rad1 O-O 16. Nxd5 Bxd5 17. Bxd5 Nxd5 18. Qxd5 Bf6 19. f4 Qa5 20. Nc4 Qxa2 21. Bxf6 gxf6 22. Ne3 Qxe2 23. Rfe1 Qb2 24. Qh5 Rae8 25.
Qxh6 Qc3 26. Ng2 Rxe1+ 27. Rxe1 Qd4+ 28. Kh1 Rc8 29. h3 Qf2 30. Kh2 b4 31. Qxf6 b3 32. Re7 Rf8 33. Qg5+ Kh7 34. Qh5+ Kg7 35. Qg4+ Kh7 36.
Re5 f5 37. Re7+ Kh6 38. Qg5# 1-0

[Event "*** Titled Tuesday Blitz"]
[Site "Chess.com"]
[Date "2019.10.01"]
[Round "7"]
[White "Parhamov"]
[Black "ExploringChess"]
[Result "1-0"]
[WhiteElo "3034"]
[BlackElo "2896"]
[TimeControl "180+2"]
[EndTime "14:37:45 PDT"]
[Termination "Parhamov won by resignation"]

1. Nf3 Nf6 2. c4 g6 3. b3 Bg7 4. Bb2 O-O 5. g3 d6 6. d4 Nc6 7. d5 Nb8 8. Bg2 c6 9. dxc6 Nxc6 10. O-O d5 11. Na3 dxc4 12. Nxc4 Qxd1 13. Rfxd1 Bf5 14.
Nfe5 Be4 15. Nxc6 Bxc6 16. Bxc6 bxc6 17. Na5 Rfc8 18. Rac1 c5 19. Bxf6 Bxf6 20. Rd5 Kg7 21. Rdxc5 Rxc5 22. Rxc5 Rd8 23. Rc2 Bd4 24. e3 Bb6 25.
Nc4 Rd1+ 26. Kg2 e6 27. h4 h5 28. Kf3 Bd8 29. Ne5 Bb6 30. Ke2 Ra1 31. Kd3 Rd1+ 32. Kc4 Rd5 33. Nd3 Kf6 34. b4 g5 35. hxg5+ Kxg5 36. a4 Bd8 37. a5 Kg4 38. e4 Rd6 39. Ne5+ Kh3 40. Nxf7 Rc6+ 41. Kb3 Rxc2 42. Kxc2 Bc7 43.
Ng5+ Kg2 44. Nxe6 Bd6 45. b5 Kxf2 46. b6 Bb8 47. Nd8 axb6 48. a6 Kxg3 49. Nc6 h4 50. Nxb8 h3 51. a7 h2 52. a8=Q h1=Q 53. Qd5 b5 54. Nd7 b4 55. Nc5 Qf3 56. Qd3 Kf4 57.
Qxf3+ Kxf3 58. Kb2 Kf4 59. Kb3 1-0

[Event "*** Titled Tuesday Blitz"]
[Site "Chess.com"]
[Date "2019.10.01"]
[Round "7"]
[White "IMRosen"]
[Black "NiranjanNavalgund"]
[Result "1-0"]
[WhiteElo "2629"]
[BlackElo "2425"]
[TimeControl "180+2"]
[EndTime "14:37:45 PDT"]
[Termination "IMRosen won by resignation"]

1. e4 e5 2. Nf3 Nc6 3. Nc3 Nf6 4. d4 exd4 5. Nd5 Be7 6. Nxd4 O-O 7. Nxc6 dxc6 8.
Nxf6+ Bxf6 9. Qxd8 Rxd8 10. Bd3 c5 11. Ke2 Be6 12. c3 Rd7 13. Bc2 Bc4+ 14. Ke1 Rad8 15.
Be3 b5 16. f4 b4 17. e5 Bh4+ 18. g3 Be7 19. cxb4 cxb4 20. b3 Bd5 21. Rf1 c5 22.
Rf2 c4 23. bxc4 Bxc4 24. Rd2 Rxd2 25. Bxd2 Bc5 26. Bb3 Bb5 27. Rc1 Bf2+ 28. Kxf2 Rxd2+ 29. Ke3 Rd3+ 30. Ke4 h6 31. Rc5 Ba6 32. Ra5 Rxb3 33. axb3 Bb7+ 34. Kd4 a6 35. Kc5 g5 36. Kb6 gxf4 37. Kxb7 1-0

[Event "*** Titled Tuesday Blitz"]
[Site "Chess.com"]
[Date "2019.10.01"]
[Round "7"]
[White "Rodalquilar"]
[Black "Dr-Bassem"]
[Result "1-0"]
[WhiteElo "2631"]
[BlackElo "2776"]
[TimeControl "180+2"]
[EndTime "14:37:46 PDT"]
[Termination "Rodalquilar won on time"]

1. d4 Nf6 2. Bf4 g6 3. Nc3 Bg7 4. e4 d6 5. Nf3 c6 6. Be2 Nbd7 7. O-O O-O 8. Re1 Qc7 9. h3 e5 10. Be3 Re8 11. d5 cxd5 12. Nxd5 Nxd5 13. Qxd5 Nf6 14. Qd3 d5 15. Nd2 dxe4 16. Qc4 Qxc4 17. Nxc4 Be6 18. Nd6 Re7 19. c4 Rd7 20. c5 Bf8 21. Red1 Bxd6 22. cxd6 Rad8 23. Bc5 a6 24. Rac1 Rc8 25.
Ba3 Rxc1 26. Rxc1 Nd5 27. Rc8+ Kg7 28. Bc4 Nf4 29. Rc7 Rxc7 30. dxc7 Bc8 31. Bd6 Kf6 32. h4 1-0

[Event "*** Titled Tuesday Blitz"]
[Site "Chess.com"]
[Date "2019.10.01"]
[Round "7"]
[White "grzechu96"]
[Black "Olga_Ustinova"]
[Result "0-1"]
[WhiteElo "2577"]
[BlackElo "2372"]
[TimeControl "180+2"]
[EndTime "14:37:48 PDT"]
[Termination "Olga_Ustinova won on time"]

1. e4 d5 2. exd5 Qxd5 3. Nf3 Nf6 4. Be2 Nc6 5. O-O Bg4 6. c4 Qf5 7. h3 h5 8. d4 O-O-O 9. Be3 e5 10.
d5 Bxf3 11. Bxf3 e4 12. Be2 Bd6 13. f4 exf3 14. Bxf3 Qe5 15. Bf4 Qxf4 16. Bg4+ hxg4 17. Rxf4 Bxf4 18. Qd3 Rd7 19. Nc3 Re8 20. Rf1 g5 21. Qf5 Ne5 22. Qxf6 gxh3 23. gxh3 Nxc4 24. h4 Ne3 25.
Rf3 Ng4 26. Qf5 Re1+ 27. Kg2 Ne3+ 28. Rxe3 Bxe3 29. h5 g4 30. Ne4 Rg1+ 31. Kh2 g3+ 32. Nxg3 Rd1 33. Ne4 Rxd5 34. Qh3 f5 35. Qxe3 fxe4 36.
h6 Rd2+ 37. Kg1 Rd1+ 38. Kf2 R7d2+ 39. Kg3 Rd3 0-1

[Event "*** Titled Tuesday Blitz"]
[Site "Chess.com"]
[Date "2019.10.01"]
[Round "7"]
[White "GelmanAlexander"]
[Black "Bucefal_M"]
[Result "1-0"]
[WhiteElo "2505"]
[BlackElo "2294"]
[TimeControl "180+2"]
[EndTime "14:37:52 PDT"]
[Termination "GelmanAlexander won by checkmate"]

1. e4 c6 2. Ne2 d5 3. e5 c5 4. b4 cxb4 5. d4 Nc6 6. a3 bxa3 7. c3 e6 8. Nf4 Bd7 9. Bd3 Rc8 10. h4 Na5 11. Bxa3 Bxa3 12. Rxa3 b6 13. Qg4 Kf8 14. Rh3 Qe7 15. Ra2 f5 16. exf6 Nxf6 17.
Qe2 Kf7 18. Rg3 Rhf8 19. Nd2 Kg8 20. Rc2 Kh8 21. Nf3 Nc4 22. Ng5 Ne4 23. Bxe4 dxe4 24.
Qxe4 Rf5 25. Re2 Nd6 26. Qd3 Rxf4 27. Qxh7# 1-0

[Event "*** Titled Tuesday Blitz"]
[Site "Chess.com"]
[Date "2019.10.01"]
[Round "7"]
[White "731291"]
[Black "joppie2"]
[Result "0-1"]
[WhiteElo "2658"]
[BlackElo "2863"]
[TimeControl "180+2"]
[EndTime "14:37:53 PDT"]
[Termination "joppie2 won by resignation"]

1. d4 d5 2. c4 dxc4 3. e3 Nf6 4. Bxc4 e6 5. Nf3 c5 6. O-O Nc6 7. Nc3 a6 8. dxc5 Qxd1 9. Rxd1 Bxc5 10. Bd2 O-O 11. Rac1 Bd7 12. Be2 Ba7 13. a3 Rfd8 14.
Ne1 Ne5 15. Nf3 Ng6 16. Nd4 Ne5 17. Nf3 Ng6 18. Nd4 Bxd4 19. exd4 Bc6 20. Be3 Nh4 21. f3 Nf5 22. Bf2 Rd7 23. Bd3 Nd6 24. Bg3 Rad8 25.
Rd2 Nh5 26. Rcd1 Nxg3 27. hxg3 h5 28. Kf2 g6 29. Ke3 Kg7 30. b3 Rc7 31. Ne2 Bd5 32. b4 Rdc8 33. Rb2 Bc4 34. Kd2 Bxd3 35. Kxd3 Nc4 36. Rb3 e5 37. dxe5 Nxe5+ 38. Ke3 Rc2 39. Nf4 Nc4+ 40. Kd3 Nb2+ 0-1

[Event "*** Titled Tuesday Blitz"]
[Site "Chess.com"]
[Date "2019.10.01"]
[Round "7"]
[White "Andrei_Belozerov"]
[Black "TrenerChos"]
[Result "1-0"]
[WhiteElo "2526"]
[BlackElo "2405"]
[TimeControl "180+2"]
[EndTime "14:37:53 PDT"]
[Termination "Andrei_Belozerov won by checkmate"]

1. e4 c5 2. Nf3 d6 3. d4 cxd4 4. Nxd4 Nf6 5. Nc3 a6 6. f3 e5 7.
Nb3 Be6 8. Be3 Be7 9. Qd2 Qc7 10.
O-O-O Nbd7 11. g4 h6 12. h4 O-O-O 13. Kb1 Nc5 14. Qf2 Kb8 15. Be2 Rd7 16. Nxc5 dxc5 17. Rxd7 Nxd7 18. Rd1 Nf8 19. f4 f6 20. f5 Bf7 21. Qf1 Nd7 22. Bc4 Be8 23. Be6 Nb6 24. b3 Bc6 25. Qf2 Nd7 26. Nd5 Bxd5 27. Rxd5 Rd8 28. Qd2 Nf8 29. Rxd8+ Bxd8 30. Bxc5 Qxc5 31. Qxd8+ Ka7 32. Kb2 a5 33. a3 b6 34. Bd5 Ka6 35.
Qa8+ Kb5 36. Bc4+ Qxc4 37. bxc4+ Kc5 38. Qd5# 1-0

[Event "*** Titled Tuesday Blitz"]
[Site "Chess.com"]
[Date "2019.10.01"]
[Round "7"]
[White "CzechmVIII"]
[Black "JussupowFan"]
[Result "0-1"]
[WhiteElo "2093"]
[BlackElo "2197"]
[TimeControl "180+2"]
[EndTime "14:38:05 PDT"]
[Termination "JussupowFan won by resignation"]

1. e4 c5 2. Nf3 d6 3. d4 cxd4 4. Nxd4 Nf6 5. Nc3 g6 6. Be3 Bg7 7. f3 a6 8. Qd2 Nbd7 9. g4 b5 10. h4 b4 11. Nce2 Ne5 12. Qxb4 O-O 13. O-O-O Qc7 14.
Nc3 Bd7 15. g5 Nh5 16. Nd5 Qd8 17. f4 Ng4 18. Bg1 Ng3 19. Bg2 Nxh1 20. Bxh1 Rb8 21. Qe1 e6 22. Nc3 e5 23. Nb3 exf4 24. Rxd6 Qe7 25. Bc5 Rfc8 26. Rd5 Qe8 27. Bd6 Ne3 28. Bxb8 Nxd5 29. Nxd5 Rxb8 30. Nf6+ Bxf6 31. gxf6 Qe5 32. Qd2 Be6 33. Bf3 Qxf6 34. Be2 f3 35. Bxa6 f2 36. Bf1 Rd8 37. Qe3 Qxh4 38. Nd4 g5 39. Nxe6 fxe6 40. Bc4 Qh1+ 0-1

[Event "*** Titled Tuesday Blitz"]
[Site "Chess.com"]
[Date "2019.10.01"]
[Round "7"]
[White "Korchmar_Vasiliy"]
[Black "FMJoseHerrera"]
[Result "1-0"]
[WhiteElo "2686"]
[BlackElo "2534"]
[TimeControl "180+2"]
[EndTime "14:38:12 PDT"]
[Termination "Korchmar_Vasiliy won on time"]

1. d4 Nf6 2. Nf3 c5 3. d5 g6 4. c4 b5 5. cxb5 a6 6. b6 Bg7 7. g3 O-O 8. Bg2 d6 9. O-O Nbd7 10. Nc3 Nxb6 11. e4 a5 12. Re1 a4 13. a3 Ba6 14. e5 Ng4 15. Bf4 Nc4 16. Nxa4 Ncxe5 17. Nxe5 Nxe5 18. Nxc5 Bc4 19. b3 Bb5 20. a4 Be8 21.
Rb1 g5 22. Bxe5 Bxe5 23. Nd3 Bg7 24. Nb4 Bc3 25. Re4 f5 26. Rc4 Bf6 27. Nc6 Bxc6 28.
dxc6 Qc7 29. b4 f4 30. b5 fxg3 31. hxg3 Qb6 32. c7 Be5 33. Qd2 Bxg3 34. Qxg5+ Kh8 35. Qxg3 Rac8 36. Rbc1 Rg8 37. Qf3 Qa5 38. Qc3+ Qxc3 39.
R1xc3 Rxg2+ 40. Kxg2 Rxc7 41. Rxc7 1-0

[Event "*** Titled Tuesday Blitz"]
[Site "Chess.com"]
[Date "2019.10.01"]
[Round "7"]
[White "I-Mesquita"]
[Black "Mikhail_Golubev"]
[Result "0-1"]
[WhiteElo "2646"]
[BlackElo "2521"]
[TimeControl "180+2"]
[EndTime "14:38:12 PDT"]
[Termination "Mikhail_Golubev won on time"]

1. d4 Nf6 2. c4 g6 3. Nc3 Bg7 4. e4 d6 5. h3 O-O 6. Be3 Na6 7. g4 c6 8. Nge2 h5 9. Qd2 e5 10. d5 Nc5 11. Bg2 a5 12. Ng3 hxg4 13. O-O-O cxd5 14. exd5 a4 15. Bh6 Nd3+ 16. Kb1 Nxf2 17. Bxg7 Nxd1 18.
hxg4 Nxc3+ 19. bxc3 Nxg4 20. Bxf8 Qxf8 21. Bf3 Qg7 22. Ka1 Bd7 23. Qg5 Qf6 24. Ne4 Qxg5 25. Nxg5 Nf6 26. c5 dxc5 27. Re1 Re8 28. d6 e4 29. Be2 Re5 30. Rg1 Bg4 0-1

[Event "*** Titled Tuesday Blitz"]
[Site "Chess.com"]
[Date "2019.10.01"]
[Round "7"]
[White "ChessQueen"]
[Black "Natalya_Buksa"]
[Result "1-0"]
[WhiteElo "2618"]
[BlackElo "2454"]
[TimeControl "180+2"]
[EndTime "14:38:17 PDT"]
[Termination "ChessQueen won by resignation"]

1. Nf3 d5 2. g3 Nf6 3. Bg2 e6 4. O-O Be7 5. c4 O-O 6. b3 d4 7. e3 c5 8. b4 dxe3 9. fxe3 cxb4 10. Bb2 Nc6 11. d4 Ne4 12. Nfd2 Nxd2 13. Nxd2 Bg5 14.
Qf3 Bd7 15. Ne4 Bh6 16. d5 exd5 17. cxd5 Ne7 18. Rad1 Nf5 19. Rfe1 Qb6 20. Rd3 Rae8 21.
Kh1 Bb5 22. Rb3 Bd7 23. a3 a5 24. axb4 a4 25. Rc3 Qxb4 26. Ba3 Qa5 27. Rec1 Rc8 28. Bxf8 Rxf8 29. Nc5 Bc8 30. Nxa4 Qxa4 31. Rxc8 Nxe3 32. Rxf8+ Kxf8 33. Rc8+ Ke7 34. Qe4+ Kd6 35. Rd8+ Kc7 36. Qe7+ Kb6 37. Qd6+ Ka7 38. Qc5+ b6 39. Qc7+ Ka6 40.
Ra8+ Kb5 41. Qc6+ 1-0

[Event "*** Titled Tuesday Blitz"]
[Site "Chess.com"]
[Date "2019.10.01"]
[Round "7"]
[White "mortngabriel"]
[Black "Misha_Bilous"]
[Result "0-1"]
[WhiteElo "2343"]
[BlackElo "2519"]
[TimeControl "180+2"]
[EndTime "14:38:19 PDT"]
[Termination "Misha_Bilous won on time"]

1. d4 Nf6 2. Nc3 d5 3. Bf4 e6 4. e3 Bd6 5. Bd3 Bxf4 6. exf4 O-O 7. Nf3 c5 8. dxc5 Qa5 9. O-O Qxc5 10. Ne2 Nc6 11. c3 a5 12. a4 b6 13. Ned4 Ba6 14.
Nxc6 Bxd3 15. Qxd3 Qxc6 16. Ne5 Qc5 17. f5 exf5 18. Qxf5 d4 19. cxd4 Qxd4 20. b3 Rfe8 21.
Rfe1 Rad8 22. Nf3 Qc3 23. Qb5 Rxe1+ 24. Rxe1 Qc7 25. h3 h6 26. Qe5 Qd7 27. Qe2 Qd6 0-1

[Event "*** Titled Tuesday Blitz"]
[Site "Chess.com"]
[Date "2019.10.01"]
[Round "7"]
[White "Darhild"]
[Black "SCIM"]
[Result "1/2-1/2"]
[WhiteElo "2635"]
[BlackElo "2504"]
[TimeControl "180+2"]
[EndTime "14:38:20 PDT"]
[Termination "Game drawn by repetition"]

1. e4 c5 2. Nf3 e6 3. d4 cxd4 4. Nxd4 Nc6 5. Nc3 Qc7 6. Be3 a6 7. Qf3 Nf6 8. O-O-O Ne5 9. Qg3 b5 10. f4 Neg4 11. e5 Nxe3 12. Qxe3 b4 13. exf6 bxc3 14. Qxc3 Qxc3 15. bxc3 gxf6 16. Be2 Bb7 17. Bf3 Bxf3 18.
Nxf3 Ba3+ 19. Kd2 Ke7 20. Rb1 Rab8 21. Rb3 Bd6 22. g3 Rb5 23. Rhb1 Rd5+ 24. Ke2 Rc8 25. Rd1 Rxd1 26. Kxd1 a5 27. Kd2 a4 28. Rb7 Rc5 29. Nd4 Rc8 30. Kd3 a3 31. Nb5 Bc5 32. Nd4 h5 33. c4 h4 34. gxh4 Bxd4 35. Kxd4 Rh8 36. c5 Rxh4 37. c6 Rxf4+ 38. Kd3 Rf3+ 39. Kd4 e5+ 40. Kd5 Rc3 41. Rxd7+ Ke8 42. Ra7 Rxc2 43. Ra8+ Ke7 44. Ra7+ Ke8 45. Ra8+ Ke7 46. Ra7+ Ke8 1/2-1/2